 Dungeon Crawl Stone Soup version 0.26.0-18-gc5c842f807 (webtiles) character file.

Game seed: 12258468759058576779

41 thiole the Sneak (level 3, -3/21 HPs)
             Began as an Octopode Hedge Wizard on Jan 22, 2021.
             Slain by a gnoll shaman
             ... wielding a +0 club
              (6 damage)
             ... on level 2 of the Dungeon.
             The game lasted 00:01:01 (1321 turns).

thiole the Sneak (Octopode Hedge Wizard)            Turns: 1321, Time: 00:01:02

Health: -3/21      AC:  1    Str:  9    XL:     3   Next: 52%
Magic:  4/7        EV: 13    Int: 17    God:
Gold:   106        SH:  0    Dex: 11    Spells: 7/8 levels left

rFire    . . .     SeeInvis .   a - +0 dagger
rCold    . . .     Faith    .   (no shield)
rNeg     . . .     Spirit   .   b - +0 hat
rPois    .         Reflect  .   (no amulet)
rElec    .         Harm     .   (no ring)
rCorr    .         Rampage  .   (no ring)
Will     .....                  (no ring)
Stlth    +++.......             (no ring)
HPRegen  0.07/turn              (no ring)
MPRegen  0.10/turn              (no ring)
                                (no ring)
                                (no ring)

@: no status effects
A: almost no armour, stealthy swim, amphibious, 8 rings, constrict 8, camouflage
1, gelatinous body 1
a: no special abilities


You were on level 2 of the Dungeon.
You visited 1 branch of the dungeon, and saw 2 of its levels.

You collected 106 gold pieces.

Inventory:

Hand Weapons
 a - a +0 dagger (weapon)
 j - a +0 club
Armour
 b - a +0 hat (worn)
Wands
 k - a wand of random effects (21)
Scrolls
 e - a scroll of remove curse {unknown}
 f - a scroll of amnesia {unknown}
 h - a scroll of identify {unknown}
 i - a scroll of teleportation {unknown}
Potions
 c - 4 potions of curing {unknown}
 d - 3 potions of heal wounds {unknown}
 g - a potion of resistance {unknown}
 l - a potion of lignification {unknown}


   Skills:
 - Level 2.0 Dodging
 + Level 3.3 Stealth
 + Level 3.2 Spellcasting
 - Level 2.0 Conjurations
 - Level 2.0 Summonings
 - Level 1.0 Translocations


You had 7 spell levels left.
You knew the following spells:

 Your Spells              Type           Power        Failure   Level
a - Magic Dart            Conj           36%          8%          1

Your spell library contained the following spells:

 Spells                   Type           Power        Failure   Level
 Call Imp                 Summ           9%           12%         2
 Blink                    Tloc           N/A          17%         2
 Slow                     Hex            2%           26%         2
 Conjure Flame            Conj/Fire      6%           34%         3
 Mephitic Cloud           Conj/Pois/Air  5%           36%         3


Dungeon Overview and Level Annotations

Branches:
Dungeon (2/15)

Altars:


Innate Abilities, Weirdness & Mutations

You cannot wear most types of armour.
You are very stealthy in the water. (Stealth+)
You are amphibious.
You can wear up to eight rings at the same time.
You can use your tentacles to constrict eight enemies at once.
Your skin changes colour to match your surroundings (Stealth+).
Your rubbery body absorbs attacks. (AC +1, EV +1)


Message History

You hit the gnoll.
The gnoll is heavily wounded.
You constrict the gnoll. The gnoll barely misses you.
You hit the gnoll. You squeeze the gnoll.
You kill the gnoll!
Training target 2.0 for Summonings reached!
Training target 2.0 for Conjurations reached!
Your Conjurations skill increases to level 2!
Your Summonings skill increases to level 2!
You barely miss the gnoll shaman. You grab the gnoll shaman.
You constrict the gnoll shaman, but do no damage.
The gnoll shaman misses you.
You hit the gnoll shaman. You squeeze the gnoll shaman.
The gnoll shaman is heavily wounded.
You constrict the gnoll shaman. You hit the gnoll shaman.
The gnoll shaman is heavily wounded.
You constrict the gnoll shaman.
The gnoll shaman hits you with a +0 club.
You die...

#.#####.## .
#.......#
#######.##
#.#...####
g.#.......+
#g###....###
##.# ##.#.#
#g## ##..#
##@## ##.#.#
##.###....#
##.#.#####
##.## #.#
#.# .#. # #


You could see a gnoll shaman.

Vanquished Creatures
  A gnoll (D:2)
  An ooze (D:2)
  2 dart slugs (D:1)
  5 goblins
  4 hobgoblins
  6 bats
  3 frilled lizards
  2 rats
24 creatures vanquished.

Notes
Turn   | Place    | Note
-------+----------+-------------------------------------------
     0 | D:1      | thiole the Octopode Hedge Wizard began the quest for the
                  | Orb.
     0 | D:1      | Reached XP level 1. HP: 11/11 MP: 4/4
   169 | D:1      | Reached XP level 2. HP: 17/17 MP: 0/6
   580 | D:1      | You fall into a shaft and drop 1 floor!
  1052 | D:2      | Reached XP level 3. HP: 21/21 MP: 1/7
  1321 | D:2      | Slain by a gnoll shaman

Illustrated notes

Levels and vault maps discovered:
D:1:      dpeg_arrival_simpleton_c, layout_loops_ring
D:2:      minmay_spotlight, layout_loops_corners, serial_bayou_pond_a

Skill      XL: |  1  2  3 |
---------------+----------+-----
Stealth        | 3 |  3.3
Conjurations   | 2 |  2.0
Summonings     | 2 |  2.0
Dodging        | |  2.0
Spellcasting   | |  3.2
Translocations | |  1.0

Action                   || total
-------------------------++-------
Melee: Dagger            ||    39
       Tentacles         ||     6
       Constrict         ||     8
 Cast: Magic Dart        ||    44
 Stab: Sleeping          ||     1
Armor: Skin              ||     2
Dodge: Dodged            ||    24
